 Dungeon Crawl Stone Soup version 0.28-a0-622-gbaef9634d7 (webtiles) character file.

Game seed: 15101220162891019196

1709 robertstho the Magician (level 9, -22/62 HPs)
             Began as a Djinni Fire Elementalist on Oct 7, 2021.
             Was an Initiate of Gozag.
             Annihilated by a gargoyle (25 damage)
             ... on level 6 of the Dungeon.
             The game lasted 00:10:43 (8802 turns).

robertstho the Magician (Djinni Fire Elementalist)  Turns: 8802, Time: 00:10:43

Health: -22/62     AC:  3    Str:  7    XL:     9   Next: 23%
Gold:   310        EV: 14    Int: 20    God:    Gozag SH:  0 Dex: 14

rFire   + + .      SeeInvis .   d - +0 dagger
rCold   x . .      Faith    .   (no shield)
rNeg    . . .      Spirit   .   a - +0 robe
rPois   ∞          Reflect  .   (no helmet)
rElec   .          Harm     .   (no cloak)
rCorr   +          Rampage  .   f - +0 pair of gloves
Will    .....                   (boots unavailable)
Stlth   ++........              (no amulet)
HPRegen 0.20/turn               i - ring of resist corrosion
MPRegen 0.00/turn               (no ring)

@: flying, very slightly contaminated
A: sickness immunity, fire resistance 2, cold vulnerability 1, float, innate
caster, hp casting, extra vitality 1
a: Renounce Religion, Potion Petition, Call Merchant, Bribe Branch


You were on level 6 of the Dungeon.
You worshipped Gozag.
Gozag was aware of your devotion.
You visited 2 branches of the dungeon, and saw 7 of its levels.
You also visited: Sewer.

You collected 380 gold pieces.
You paid 70 gold pieces to Gozag.

Inventory:

Hand Weapons
 d - a +0 dagger (weapon)
Armour
 a - a +0 robe (worn)
 f - a +0 pair of gloves (worn)
Jewellery
 i - a ring of resist corrosion (left hand)
Wands
 n - a wand of flame (18)
Scrolls
 b - 2 scrolls of blinking {unknown}
 e - a scroll of immolation
 j - 3 scrolls of teleportation
 k - a scroll of fog {unknown}
 o - a scroll of amnesia {unknown}
Potions
 c - a potion of attraction {unknown}
 g - 3 potions of might {unknown}
 h - 4 potions of heal wounds
 l - 4 potions of curing {unknown}
 m - a potion of invisibility {unknown}
 p - a potion of berserk rage {unknown}
 q - a potion of lignification {unknown}
 r - a potion of haste


   Skills:
 * Level 4.0 Fighting
 + Level 0.6 Short Blades
 * Level 4.0 Armour
 * Level 5.2 Dodging
 + Level 3.1 Stealth
 + Level 6.3 Spellcasting


You couldn't memorise any spells.
You knew the following spells:

 Your Spells              Type           Power      Damage    Failure   Level
a - Foxfire               Conj/Fire      100%       2x1d9     1%          1
b - Scorch                Fire           62%        2d8       1%          2
c - Conjure Flame         Conj/Fire      31%        6-21      2%          3
d - Inner Flame           Hex/Fire       31%        N/A       2%          3
e - Flame Wave            Conj/Fire      31%        3d7       8%          4
f - Apportation           Tloc           62%        N/A       1%          1
g - Corpse Rot            Necr/Air       N/A        N/A       1%          2
h - Searing Ray           Conj           62%        2d6       1%          2
i - Stone Arrow           Conj/Erth      62%        3d10      2%          3
Your spell library was empty.

Dungeon Overview and Level Annotations

Branches:
Dungeon (6/15)             Temple (1/1) D:5           Sewer (visited)

Altars:
Ashenzari
Dithmenos
Gozag
Kikubaaqudgha
Makhleb
Okawaru
Qazlal
Ru
Trog
Vehumet
Wu Jian
Zin

Shops:
D:1 [   D:6 *

Annotations:
D:5 3 runed translucent doors, Edmund; lunkers's ghost, novice TrCA


Innate Abilities, Weirdness & Mutations

You are immune to sickness and miasma.
You are immune to poison.
Your flesh is very heat resistant. (rF++)
You are vulnerable to cold. (rC-)
You float through the air rather than walking.
You learn spells naturally, not from books.
Your magical power is your life essence.
You have superior vitality. (+4 HP)


Message History

Aiming: Stone Arrow (dangerous; 2% risk of failure)
Press: ? - help, Shift-Dir - straight line, f/p - gargoyle
Aim: a gargoyle, wielding a +1 flail of holy wrath (heavily damaged, 88% to hit)
The stone arrow hits the gargoyle but does no damage.
The gargoyle is heavily damaged.
The gargoyle hurls a stone arrow at you.
The stone arrow hits you!!
* * * LOW HITPOINT WARNING * * *
It was a potion of heal wounds.
You feel much better. The gargoyle barely misses you.
Casting: Stone Arrow (dangerous; 2% risk of failure)
Confirm with . or Enter, or press ? or * to list all spells.
Aiming: Searing Ray (safe; 1% risk of failure)
Press: ? - help, Shift-Dir - straight line, f/p - gargoyle
Aim: a gargoyle, wielding a +1 flail of holy wrath (heavily damaged, 90% to hit)
The searing ray hits the gargoyle but does no damage.
The gargoyle is heavily damaged. (Press . to maintain the ray.)
The gargoyle hits you with a +1 flail of holy wrath.
The searing ray hits the gargoyle!
The gargoyle is almost destroyed.
The gargoyle hurls a stone arrow at you.
The stone arrow hits you!!
* * * LOW HITPOINT WARNING * * *
The searing ray hits the gargoyle but does no damage.
The gargoyle is almost destroyed.
* * * LOW HITPOINT WARNING * * *
The gargoyle misses you.
Casting: Searing Ray (safe; 1% risk of failure)
Confirm with . or Enter, or press ? or * to list all spells.
Restarting spell: Searing Ray (safe; 1% risk of failure)
Press: ? - help, Shift-Dir - straight line, f/p - gargoyle
Aim: a gargoyle, wielding a +1 flail of holy wrath (almost destroyed, 90% to hit)
The searing ray hits the gargoyle but does no damage.
The gargoyle is almost destroyed. (Press . to maintain the ray.)
* * * LOW HITPOINT WARNING * * *
The gargoyle hits you with a +1 flail of holy wrath!!
You die...
Your body crumbles into a pile of gold.

#.# #.........#
#.#....
#.###...#####.#
#.#####
#..>..........#
#.#####
##########...##
#......
####.###############
..##...............
#.$################
#9## # ####@# #
##.#.## # ##.#.#.# #
#.###### #
#..##.#.#.### #
#..........# #
##########.# #
######..##############
......................


You could see a gargoyle.

Vanquished Creatures
  An ice beast (D:5)
  A black bear (D:4)
  2 ogres
  A centaur (D:5)
  A phantom (D:5)
  4 kobold brigands
  4 scorpions
  A water moccasin zombie (D:5)
  A bullfrog zombie (D:5)
  A hound (D:6)
  2 gnoll shamans (D:6)
  An orc priest (D:5)
  2 iguanas (D:5)
  2 jellies (D:6)
  A howler monkey skeleton (D:4)
  9 gnolls
  15 adders
  4 river rats (Sewer)
  5 worms
  4 dart slugs
  6 orcs (D:5)
  3 bats
  10 endoplasms
  6 giant cockroaches
  8 goblins
  7 hobgoblins
  2 jackals (D:1)
  13 kobolds
  4 quokkas
  10 ball pythons
  A frilled lizard (D:2)
  9 rats
141 creatures vanquished.

Vanquished Creatures (others)
  342 foxfires
342 creatures vanquished.

Grand Total: 483 creatures vanquished

Notes
Turn   | Place    | Note
-------+----------+-------------------------------------------
     0 | D:1      | robertstho the Djinni Fire Elementalist began the quest for
                  | the Orb.
     0 | D:1      | Reached XP level 1. HP: 15/15 MP: 0/0
   255 | D:1      | Reached XP level 2. HP: 17/22 MP: 0/0
   583 | D:1      | You are sucked into a shaft and drop 1 floor!
   794 | D:2      | Reached XP level 3. HP: 14/26 MP: 0/0
   794 | D:2      | Learned a level 1 spell: Apportation
  1063 | D:2      | Found a faded altar of an unknown god.
  1895 | D:2      | Reached XP level 4. HP: 15/31 MP: 0/0
  1896 | D:2      | Reached skill level 1 in Armour
  1896 | D:2      | Reached skill level 3 in Spellcasting
  2140 | D:2      | Reached skill level 1 in Fighting
  2603 | D:1      | Found Xonweeb's Antique Armour Boutique.
  3973 | D:4      | Reached XP level 5. HP: 31/37 MP: 0/0
  3973 | D:4      | Learned a level 2 spell: Corpse Rot
  4271 | D:4      | Noticed a black bear
  4276 | D:4      | Killed a black bear
  4277 | D:4      | Reached XP level 6. HP: 37/43 MP: 0/0
  4290 | D:4      | Noticed an ogre
  4297 | D:4      | Killed an ogre
  4298 | D:4      | Reached skill level 4 in Spellcasting
  4325 | D:4      | Found a glowing drain.
  4338 | Sewer    | Entered a sewer
  4645 | Sewer    | Reached XP level 7. HP: 45/49 MP: 0/0
  4645 | Sewer    | Learned a level 2 spell: Searing Ray
  6083 | D:5      | Entered Level 5 of the Dungeon
  6108 | D:5      | Reached XP level 8. HP: 42/55 MP: 0/0
  6202 | D:5      | Reached skill level 5 in Spellcasting
  6719 | D:5      | Noticed lunkers's ghost (novice TrCA)
  6932 | D:5      | Found a runed translucent gate.
  6932 | D:5      | Found a runed translucent gate.
  6933 | D:5      | Found a runed translucent gate.
  6945 | D:5      | Found a staircase to the Ecumenical Temple.
  6945 | D:5      | Noticed Edmund
  7263 | Temple   | Entered the Ecumenical Temple
  7373 | Temple   | Became a worshipper of Gozag Ym Sagoz the Greedy
  7694 | D:6      | Found an ornate altar of the Wu Jian Council.
  7799 | D:6      | Found Jagal's Assorted Antiques.
  7818 | D:6      | Reached skill level 6 in Spellcasting
  7818 | D:6      | Reached XP level 9. HP: 56/62 MP: 0/0
  7818 | D:6      | Learned a level 3 spell: Stone Arrow
  7888 | D:6      | Reached skill level 5 in Dodging
  8790 | D:6      | Noticed a gargoyle
  8802 | D:6      | Annihilated by a gargoyle

Illustrated notes

Levels and vault maps discovered:
D:1:      shiori_arrival_maze, layout_loops_ring, serial_shops, shop
D:2:      layout_basic, chequers_ecumenical_altar_simple
D:3:      layout_loops_ring
D:4:      layout_loops_corners, nicolae_overflow_crystal_walls,
          portal_sewer_entry_d
D:5:      layout_basic, temple_statues, gammafunk_ghost_split, uniq_edmund
D:6:      layout_basic, nicolae_wu_jian_wuxing_cycle, serial_shops,
          nicolae_shop_stone, dk_vineyard_1, minmay_small_thing
Temple:   eino_temple_rhombus

Skill      XL: |  1  2  3  4  5  6  7  8  9 |
---------------+----------------------------+-----
Armour         | 1 2 3 4 |  4.0
Stealth        | 2 3 |  3.1
Spellcasting   | 3 4 6 |  6.3
Fighting       | 1 2 3 4 |  4.0
Dodging        | 3 4 5 |  5.2
Short Blades   | |  0.6

Action                   |  1- 3 |  4- 6 |  7- 9 || total
-------------------------+-------+-------+-------++-------
Melee: Dagger            |    17 |     5 |    16 ||    38
 Cast: Foxfire           |    43 |    82 |    86 ||   211
       Scorch            |    14 |    20 |    48 ||    82
       Flame Wave        |       |       |     6 ||     6
       Stone Arrow       |       |       |    18 ||    18
       Searing Ray       |       |       |     2 ||     2
  Use: Scroll            |       |     2 |     2 ||     4
       Potion            |       |       |     1 ||     1
 Stab: Sleeping          |     1 |       |     2 ||     3
Armor: Robe              |     8 |     4 |     8 ||    20
Dodge: Dodged            |    28 |     9 |    55 ||    92

Table legend: (Time is in decaauts)
 A = Elapsed time spent in this place.
 B = Non-inter-level travel time spent in this place.
 C = Inter-level travel time spent in this place.
 D = Time resting spent in this place.
 E = Time spent auto-exploring this place.
 F = Levels seen in this place.
 G = Mean time per level.
                   A        B        C        D        E       F      G
               +--------+--------+--------+--------+--------+-----+--------+
         Total |   8804 |   8590 |    214 |    890 |   6622 |   8 | 1100.5 |
       Dungeon |   7474 |   7276 |    198 |    647 |   5724 |   6 | 1245.7 |
        Temple |    126 |    110 |     16 |      0 |    101 |   1 |  126.0 |
         Sewer |   1202 |   1202 |      0 |    243 |    797 |   1 | 1202.0 |
               +--------+--------+--------+--------+--------+-----+--------+

Top non-repeatable levels by time:
     D:5: 1667 daAuts
     D:1: 1547 daAuts
     D:2: 1320 daAuts
   Sewer: 1202 daAuts
     D:4: 1101 daAuts
     D:6: 925 daAuts
     D:3: 912 daAuts
  Temple: 126 daAuts
